 Dungeon Crawl Stone Soup version 0.20-a0-700-gbd4582c (webtiles) character file.

4574 polly the Blocker (level 10, -5/91 HPs)
             Began as a Gargoyle Fighter on Feb 20, 2017.
             Slain by an orc warrior
             ... wielding a +0 halberd
              (9 damage)
             ... on level 7 of the Dungeon.
             The game lasted 00:09:48 (7511 turns).

polly the Blocker (Gargoyle Fighter)                Turns: 7511, Time: 00:09:49

Health: -5/91      AC: 23    Str: 26    XL:     10   Next: 41%
Magic:  10/10      EV:  7    Int:  9    God:
Gold:   385        SH: 12    Dex: 11    Spells: 9/9 levels left

rFire    . . .     SeeInvis .   G - +0 whip (elec)
rCold    . . .     Gourm    +   y - +0 plate armour
rNeg     + . .     Faith    .   c - +0 shield
rPois    ∞         Spirit   .   u - +0 helmet
rElec    +         Reflect  .   (no cloak)
rCorr    .         Harm     .   (no gloves)
MR       .....                  n - +1 pair of boots
Stlth    ..........             s - amulet of the gourmand
Regen    0.3/turn               (no ring)
MPRegen  0.2/turn               (no ring)

@: berserking, very quick
A: negative energy resistance 1, electricity resistance, unbreathing,
petrification resistance, rot immunity, AC +7
a: no special abilities


You were on level 7 of the Dungeon.
You were not hungry.

You visited 2 branches of the dungeon, and saw 8 of its levels.
You also visited: Ossuary.

You collected 385 gold pieces.

Inventory:

Hand Weapons
 G - a +0 whip of electrocution (weapon)
Armour
 c - a +0 shield (worn)
 n - a +1 pair of boots (worn)
 u - a +0 helmet (worn)
 y - a +0 plate armour (worn)
Jewellery
 s - an amulet of the gourmand (around neck)
Wands
 a - a wand of paralysis (5/24)
Scrolls
 d - 3 scrolls of blinking
 e - a scroll of fear
 g - a scroll of recharging {unknown}
 m - 2 scrolls of teleportation
 p - 3 scrolls of enchant weapon
 q - 5 scrolls of amnesia
 w - 3 scrolls of remove curse
 C - a scroll of immolation {unknown}
 D - 2 scrolls of fog {unknown}
 E - a scroll of silence {unknown}
Potions
 b - a potion of brilliance
 i - a potion of curing {unknown}
 k - 3 potions of flight
 l - a potion of berserk rage
 r - 4 potions of invisibility {unknown}
 t - a potion of lignification {unknown}
 v - 3 potions of heal wounds {unknown}
 x - a potion of might
 A - a potion of agility {unknown}
 B - 2 potions of mutation {unknown}
Comestibles
 f - 6 bread rations
 j - 2 fruits
 z - 5 royal jellies
 F - a meat ration


   Skills:
 + Level 6.6 Fighting
 + Level 9.3 Maces & Flails
 + Level 7.0 Armour
 + Level 2.5 Dodging
 + Level 0.2 Stealth
 + Level 9.7 Shields


You had 9 spell levels left.
You didn't know any spells.

Dungeon Overview and Level Annotations

Branches:
Dungeon (7/15)             Temple (1/1) D:5

Altars:
Ashenzari
Cheibriados
Elyvilon
Gozag
Hepliaklqana Ieoh Jian
Kikubaaqudgha
Makhleb
Nemelex Xobeh
Qazlal
Ru
Sif Muna
Trog
Uskayaw
Vehumet
Xom
Yredelemnul
Zin
The Shining One
Lugonu

Shops:
D:7 (


Innate Abilities, Weirdness & Mutations

You are resistant to torment.
Your stone body is resilient. (AC +7)
You are immune to poison.
You resist negative energy. (rN+)
You are resistant to electric shocks. (rElec)
You can survive without breathing.
You are immune to petrification.
You are immune to rotting.


Message History

The orc warrior hits you with a halberd!
* * * LOW HITPOINT WARNING * * *
The killer bee stings you but does no damage.
An orc comes into view. It is wielding a club.
A red film seems to cover your vision as you go berserk!
You feel yourself moving faster!
You feel mighty!
The orc shouts!
You hear a shout!
The killer bee stings you but does no damage. x2
The orc warrior hits you with a halberd!
* * * LOW HITPOINT WARNING * * *
You whack the orc warrior!
The orc warrior is moderately wounded.
Something hits you but does no damage. The killer bee barely misses you.
You closely miss the orc warrior.
The orc warrior is moderately wounded.
You block the killer bee's attack.
You whack the orc warrior!
The orc warrior is severely wounded.
The orc warrior hits you with a halberd!
You die...

#..# *####*###****,
#..#**,*,*,***,,,,,
#..#*,**,**,**,****
#.o#,*,,,,,*,*,*,,,
#..#**,*,,,***,**,,
#..#,,**8**,,,,*,,,
#.z#**,,,*,***,**,,
#.y#,*,,,,,*,*,*,,,
##@#*,**,**,**,***+
#o#**,*,*,***,,,,,
#o#***************
#o.,,,,,,,,,,,,,,,
###****,,,,,,,,,,,
************


You could see an orc warrior, a killer bee, a wight and 3 orcs.

Vanquished Creatures
  Pikel (D:7)
  The ghost of Iodinin the Ducker, a novice OpSk of Cheibriados (D:5)
  Prince Ribbit (D:7)
  The ghost of shmesh the Sneak, an amateur OpMo (D:3)
  A slime creature (D:7)
  2 hippogriffs (D:7)
  4 hogs (D:7)
  A human (D:7)
  A water moccasin (D:5)
  2 orc warriors
  A black bear (D:7)
  An ice beast (D:7)
  An ogre (D:7)
  4 centaurs
  A big kobold (D:7)
  A gnoll sergeant (D:6)
  A wyvern skeleton (D:6)
  A scorpion (D:5)
  5 killer bees (D:7)
  A howler monkey (D:4)
  A crimson imp (D:5)
  A jelly (D:7)
  3 hounds
  2 orc priests
  5 orc wizards
  3 worker ants
  A big kobold zombie (Ossuary)
  3 mummies (Ossuary)
  7 adders
  13 gnolls
  A howler monkey skeleton (D:5)
  An ooze (D:5)
  3 adder zombies (Ossuary)
  2 adder skeletons
  A worm (D:3)
  2 dart slugs
  4 leopard geckos
  21 orcs
  7 bats
  5 giant cockroaches
  7 goblins
  8 hobgoblins
  17 jackals
  11 kobolds
  3 quokkas
  2 frilled lizards
  A gnoll zombie (Ossuary)
  A goblin zombie (Ossuary)
  A kobold zombie (Ossuary)
  A quokka skeleton (D:6)
  4 quokka zombies (Ossuary)
  8 rats
  7 rat zombies (Ossuary)
189 creatures vanquished.

Vanquished Creatures (others)
  A slave (D:7)
  A bullfrog (D:7)
  A jelly (D:7)
  An adder skeleton (D:7)
4 creatures vanquished.

Grand Total: 193 creatures vanquished

Notes
Turn   | Place    | Note
-------+----------+-------------------------------------------
     0 | D:1      | polly the Gargoyle Fighter began the quest for the Orb.
     0 | D:1      | Reached XP level 1. HP: 14/14 MP: 1/1
    77 | D:1      | Reached XP level 2. HP: 15/19 MP: 2/2
   620 | D:2      | Reached XP level 3. HP: 21/23 MP: 3/3
   959 | D:2      | Found a sacrificial altar of Ru.
  1417 | D:2      | Reached XP level 4. HP: 27/28 MP: 4/4
  1739 | D:3      | Noticed a centaur
  1753 | D:3      | Killed a centaur
  1753 | D:3      | Reached XP level 5. HP: 27/33 MP: 5/5
  1982 | D:3      | Reached skill level 1 in Dodging
  2065 | D:3      | Noticed shmesh's ghost (amateur OpMo)
  2100 | D:3      | Killed shmesh's ghost
  2100 | D:3      | Reached XP level 6. HP: 23/38 MP: 6/6
  3120 | D:4      | Reached XP level 7. HP: 31/43 MP: 7/7
  3133 | D:4      | Reached skill level 5 in Maces & Flails
  3133 | D:4      | Reached skill level 5 in Shields
  3298 | D:4      | Found a shattered altar of Ashenzari.
  3299 | D:4      | Found a basalt altar of Yredelemnul.
  3299 | D:4      | Found a glowing silver altar of Zin.
  3299 | D:4      | Found a glowing golden altar of the Shining One.
  3301 | D:4      | Found an opulent altar of Gozag.
  3302 | D:4      | Found a bloodstained altar of Trog.
  3303 | D:4      | Found a stormy altar of Qazlal.
  3733 | D:5      | Entered Level 5 of the Dungeon
  3746 | D:5      | Noticed Iodinin's ghost (novice OpSk)
  3788 | D:5      | Killed Iodinin's ghost
  3788 | D:5      | Reached skill level 5 in Armour
  3848 | D:5      | Found a staircase to the Ecumenical Temple.
  3876 | D:5      | Reached XP level 8. HP: 46/48 MP: 8/8
  3911 | Temple   | Entered the Ecumenical Temple
  4297 | D:5      | Found a sand-covered staircase.
  4302 | Ossuary  | Entered an ossuary
  5299 | D:6      | Reached skill level 5 in Fighting
  5892 | D:6      | Reached XP level 9. HP: 45/54 MP: 9/9
  5922 | D:6      | Found a white marble altar of Elyvilon.
  5959 | D:7      | Found an ancient bone altar of Kikubaaqudgha.
  6304 | D:7      | Found Puim's Weapon Shoppe.
  6555 | D:7      | Noticed Prince Ribbit
  6986 | D:7      | Noticed Pikel
  7027 | D:7      | Killed Pikel
  7027 | D:7      | Reached XP level 10. HP: 55/60 MP: 10/10
  7137 | D:7      | Killed Prince Ribbit
  7508 | D:7      | HP: 4/91 [orc warrior/halberd (7)]
  7511 | D:7      | Slain by an orc warrior

Vault maps used:
D:1:      co_arrival_random_square_maze
D:2:      nicolae_ru_awakened_eye, roderic_serpentine_path
D:3:      kb_forest_paths, first_bread
D:4:      minitemple
D:5:      temple_green, enter_ossuary_5
D:6:      marbit_many_paths
D:7:      kennysheep_little_box, serial_shops, shop_statue, grunt_livestock,
          minmay_the_grid_2x2, uniq_pikel, uniq_prince_ribbit1
Temple:   kb_corrupted_temple
Ossuary:  ossuary_minmay_chase

Skill      XL: |  1  2  3  4  5  6  7  8  9 10 |
---------------+-------------------------------+-----
Shields        | 4 5 7 9 |  9.7
Maces & Flails | 3 4 5 7 8 9 |  9.3
Armour         | 4 5 6 7 |  7.0
Dodging        | 1 2 |  2.5
Fighting       | 4 5 6 |  6.6
Stealth        | |  0.2

Action                   |  1- 3 |  4- 6 |  7- 9 | 10-12 || total
-------------------------+-------+-------+-------+-------++-------
Melee: Flail             |   151 |   173 |   715 |       ||  1039
       Whip              |       |       |       |   119 ||   119
  Use: Potion            |       |       |     1 |     1 ||     2
       Scroll            |       |       |       |    12 ||    12
  Eat: Bread ration      |       |     1 |       |       ||     1
       Chunk             |       |     3 |    16 |       ||    19
       Fruit             |       |       |     2 |       ||     2
Armor: Scale mail        |   102 |    80 |    61 |       ||   243
       Plate armour      |       |       |   394 |    76 ||   470
Dodge: Dodged            |    63 |    61 |   170 |    38 ||   332
Block: Shield            |   108 |    91 |   456 |    91 ||   746
